 Dungeon Crawl Stone Soup version 0.22.1-1-ga44c0e5 (webtiles) character file.

106 grimeschap the Slasher (level 4, -4/37 HPs)
             Began as a Minotaur Gladiator on Oct 7, 2018.
             Slain by an orc priest
             ... wielding a +1 whip of electrocution
              (17 damage)
             ... on level 3 of the Dungeon.
             The game lasted 00:04:27 (1517 turns).

grimeschap the Slasher (Minotaur Gladiator)         Turns: 1517, Time: 00:04:28

Health: -4/37      AC:  6    Str: 19    XL:     4   Next: 55%
Magic:  3/3        EV: 12    Int:  5    God:
Gold:   32         SH:  0    Dex: 12    Spells: 3/3 levels left

rFire    . . .     SeeInvis .   a - +0 long sword
rCold    . . .     Gourm    .   (no shield)
rNeg     . . .     Faith    .   j - +0 ring mail
rPois    .         Spirit   .   c - +0 hat
rElec    .         Reflect  .   k - +0 cloak
rCorr    .         Harm     .   (no gloves)
MR       +....                  (no boots)
Stlth    +.........             (no amulet)
HPRegen  0.12/turn              n - ring of protection from magic
MPRegen  0.08/turn              (no ring)

@: no status effects
A: retaliatory headbutt, horns 2
a: no special abilities


You were on level 3 of the Dungeon.
You were very hungry.

You visited 1 branch of the dungeon, and saw 3 of its levels.

You collected 32 gold pieces.

Inventory:

Hand Weapons
 a - a +0 long sword (weapon)
Missiles
 d - 3 throwing nets (quivered)
 m - 8 javelins
Armour
 b - a +0 leather armour
 c - a +0 hat (worn)
 j - a +0 ring mail (worn)
 k - a +0 cloak (worn)
Jewellery
 n - a ring of protection from magic (left hand)
Scrolls
 g - a scroll of teleportation {unknown}
 h - a scroll of random uselessness {unknown}
 i - 3 scrolls of identify {unknown}
 o - 2 scrolls of enchant weapon {unknown}
 p - a scroll of magic mapping {unknown}
Potions
 e - 2 potions of curing
 l - a potion of agility {unknown}
 q - 2 potions of experience {unknown}
Comestibles
 f - 5 rations


   Skills:
 - Level 2.4 Fighting
 + Level 6.3 Long Blades
 - Level 2.0 Throwing
 - Level 1.0 Armour
 - Level 3.2 Dodging


You had 3 spell levels left.
You didn't know any spells.
Your spell library was empty.

Dungeon Overview and Level Annotations

Branches:
Dungeon (3/15)

Altars:


Innate Abilities, Weirdness & Mutations

You reflexively headbutt those who attack you in melee.
You have a pair of horns on your head.


Message History

The orc hits you but does no damage.
The orc priest calls down the wrath of Beogh upon you.
Beogh smites you!
You are too injured to fight recklessly!
You are too injured to fight recklessly!
You closely miss the orc. The orc hits you but does no damage.
The orc hits you with a hand axe.
The orc priest mumbles some strange prayers to Beogh against you.
Beogh smites you!
* * * LOW HITPOINT WARNING * * *
You hit the orc. Your headbutt misses the orc.
The orc is heavily wounded.
The orc hits you with a short sword.
* * * LOW HITPOINT WARNING * * *
The orc hits you but does no damage. The orc misses you.
It was a potion of curing.
You feel better. The orc hits you but does no damage.
The orc priest hits you but does no damage.
You are electrocuted!
You die...

# #.##########
#..........#
#......<...########
#..................
#.........o@########
#.#.......oo### #
#########...##
###.o# #..).!....
#.........
#.........
#.........
#........$


You could see an orc priest and 2 orcs.

Vanquished Creatures
  An adder (D:2)
  4 oozes
  2 worms (D:2)
  A dart slug (D:1)
  2 orcs (D:3)
  5 bats
  3 giant cockroaches
  7 goblins
  9 hobgoblins
  8 jackals
  2 quokkas
  2 ball pythons
  3 frilled lizards (D:1)
  10 kobolds
  9 rats
68 creatures vanquished.

Notes
Turn   | Place    | Note
-------+----------+-------------------------------------------
     0 | D:1      | grimeschap the Minotaur Gladiator began the quest for the
                  | Orb.
     0 | D:1      | Reached XP level 1. HP: 18/18 MP: 0/0
    81 | D:1      | Reached skill level 4 in Long Blades
   177 | D:1      | Reached XP level 2. HP: 12/25 MP: 1/1
   498 | D:1      | Reached skill level 5 in Long Blades
   500 | D:1      | Reached XP level 3. HP: 26/30 MP: 2/2
   810 | D:2      | Reached skill level 1 in Armour
  1068 | D:2      | Reached XP level 4. HP: 37/37 MP: 3/3
  1130 | D:2      | Reached skill level 6 in Long Blades
  1517 | D:3      | Slain by an orc priest

Skill      XL: |  1  2  3  4 |
---------------+-------------+-----
Long Blades    | 4 5 6 |  6.3
Armour         | 1 |  1.0
Fighting       | |  2.4
Throwing       | |  2.0
Dodging        | |  3.2

Action                   |  1- 3 |  4- 6 || total
-------------------------+-------+-------++-------
Melee: Long sword        |    78 |    38 ||   116
       Headbutt          |    12 |     8 ||    20
  Use: Potion            |       |     1 ||     1
  Eat: Chunk             |       |     1 ||     1
Armor: Leather armour    |     4 |       ||     4
       Ring mail         |    18 |    24 ||    42
Dodge: Dodged            |    64 |    35 ||    99
       Rpst.: Long sword |    16 |     9 ||    25
